 Dungeon Crawl Stone Soup version 0.19-a0-1849-g2383789 (webtiles) character file.

30 sleepydude the Cudgeler (level 3, -1/43 HPs)
             Began as a Demonspawn Berserker on Oct 10, 2016.
             Was a Believer of Trog.
             Slain by a hobgoblin
             ... wielding a cursed -2 club
              (3 damage)
             ... on level 2 of the Dungeon.
             The game lasted 00:02:00 (1334 turns).

sleepydude the Cudgeler (Demonspawn Berserker)      Turns: 1334, Time: 00:02:01

Health: -1/43      AC:  3    Str: 23    XL:     3   Next: 5%
Magic:  3/3        EV: 12    Int:  8    God:    Trog [**....]
Gold:   78         SH:  0    Dex: 12    Spells: 0 memorised, 2 levels left

rFire  . . .     SeeInvis .     a - +0 mace
rCold  . . .     Gourm    .     b - +0 animal skin
rNeg   . . .     Faith    .     (no shield)
rPois  .         Spirit   .     (no helmet)
rElec  .         Dismiss  .     (no cloak)
rCorr  .         Reflect  .     (no gloves)
MR     .....     Harm     .     (no boots)
Stlth  ..........               (no amulet)
                                (no ring)
                                (no ring)

@: berserking, very quick
A: rugged brown scales 1
a: Berserk, Trog's Hand, Burn Spellbooks, Renounce Religion


You were on level 2 of the Dungeon.
You worshipped Trog.
Trog was pleased with you.
You were very hungry.

You visited 1 branch of the dungeon, and saw 2 of its levels.

You collected 78 gold pieces.

Inventory:

Hand Weapons
 a - a +0 mace (weapon)
Armour
 b - a +0 animal skin (worn)
Jewellery
 e - an uncursed ring of flight {unknown}
Scrolls
 h - a scroll of recharging {unknown}
 k - a scroll of remove curse {unknown}
 n - a scroll of teleportation {unknown}
 o - a scroll of identify {unknown}
 p - a scroll of fog {unknown}
 q - a scroll of random uselessness {unknown}
Potions
 d - 2 potions of curing {unknown}
 f - a potion of agility {unknown}
 i - a potion of haste {unknown}
 m - 2 potions of magic {unknown}
Comestibles
 c - 3 bread rations
 g - 2 beef jerkies
 j - 5 fruits
 l - a meat ration
 r - a slice of pizza


   Skills:
 + Level 3.2 Fighting
 + Level 3.3 Maces & Flails
 + Level 2.0 Armour
 + Level 2.0 Dodging
 + Level 0.2 Stealth


You had 2 spell levels left.
You didn't know any spells.

Dungeon Overview and Level Annotations

Branches:
Dungeon (2/15)

Altars:


Innate Abilities, Weirdness & Mutations

You are partially covered in rugged brown scales. (AC +1, +3% HP)


Message History

You are too injured to fight recklessly!
You are too injured to fight recklessly!
A red film seems to cover your vision as you go berserk!
You feel yourself moving faster!
You feel mighty!
You are feeling very hungry.
The kobold barely misses you.
You completely miss the hobgoblin.
The hobgoblin is moderately wounded.
The hobgoblin hits you with a club.
* * * LOW HITPOINT WARNING * * *
The kobold hits you but does no damage.
You barely miss the hobgoblin.
The hobgoblin is moderately wounded.
The hobgoblin barely misses you. The kobold hits you.
* * * LOW HITPOINT WARNING * * *
Unknown command.
You closely miss the hobgoblin.
The hobgoblin is moderately wounded.
The kobold barely misses you. The hobgoblin hits you with a club.
You die...

###.[.............#
#........
...####...........#
#........ ##.
#...........#
##....... #
########..###
#.......
######......#
#.......
............#
#.......
............#
#.......
..........>.#
......
.........@..#
.........gK.#
.#####......#
#......# #......#
#......# #..<...#
#.......


You could see a hobgoblin and a kobold.

Vanquished Creatures
  A dart slug (D:1)
  4 bats (D:1)
  A giant cockroach (D:1)
  3 goblins
  2 hobgoblins (D:1)
  A jackal (D:1)
  8 kobolds (D:1)
  5 frilled lizards
  4 rats
29 creatures vanquished.

Notes
Turn   | Place    | Note
-------+----------+-------------------------------------------
     0 | D:1      | sleepydude the Demonspawn Berserker began the quest for the Orb.
     0 | D:1      | Reached XP level 1. HP: 18/18 MP: 1/1
    64 | D:1      | Gained mutation: You are partially covered in rugged brown scales. (AC +1, +3% HP) [demonic ancestry]
    64 | D:1      | Reached XP level 2. HP: 4/24 MP: 2/2
   642 | D:1      | Reached ** piety under Trog
  1160 | D:2      | Reached XP level 3. HP: 29/29 MP: 3/3
  1333 | D:2      | HP: 2/43 [kobold (4)]
  1334 | D:2      | Slain by a hobgoblin

Vault maps used:
D:1:      lightli_arrival_farm, minmay_octomino_c4
D:2:      minmay_diamond_boxcup

Skill      XL: |  1  2 |
---------------+-------+-----
Dodging        | 2 |  2.0
Maces & Flails | 3 |  3.3
Armour         | 2 |  2.0
Fighting       | |  3.2
Stealth        | |  0.2

Action                   || total
-------------------------++-------
Melee: Mace              ||    85
Invok: Berserk           ||     2
  Eat: Chunk             ||     2
Armor: Animal skin       ||    36
Dodge: Dodged            ||    73
